Match 42499337
Unlisted

Match 42499337
End
Vickers Machine Gun Team
Construct Section Command Post
Selects Canadian Shock Battlegroup
Selects Canadian Shock Battlegroup
Selects Canadian Shock Battlegroup
Dingo Light Scout Car
Infantry Section
Infantry Section
Grenade Package
Selects Offensive Resupply
Selects Canadian Shock Section
Selects Incendiary Munitions
Construct Platoon Command Post
Humber Armored Car
6-pounder Anti-tank Gun Team
Selects Pyrotechnics
Infantry Section
Infantry Section
6-pounder Anti-tank Gun Team
Construct Field Infirmary
Construct Company Command Post
Crusader II Medium Tank
Crusader II Medium Tank
Infantry Training
Selects Churchill Crocodile Heavy Tank
Selects Smoke Operation
Crusader II Medium Tank
Smoke Operation
Armored Vehicle Training
Crusader II Medium Tank
STALKER4732
kit.ohume
Devochkin
Max Emotional Damage
SuurSaadik
Le rat Madan
0
0

Comments sign in to comment!

No comments posted yet!